[Event "Titled Tuesday Blitz January 11 2022"]
[White "Khanin, Semen"]
[Black "Chizhikov, Vladislav"]
[WhiteFideId "4111990"]
[BlackFideId "4178157"]
[WhiteElo "2442"]
[BlackElo "2120"]
[Result "0-1"]
[Round "05"]
[TimeControl "180+1"]
[Date "2022.01.11"]
[WhiteClock "0:00:03"]
[BlackClock "0:00:11"]

1. c4 c5 2. Nc3 Nc6 3. g3 g6 4. Bg2 Bg7 5. d3 d6 6. Bd2 Bd7 7. Nf3 Qc8 8. h4 h5 9. Ng5 Nh6 10. e3 Rb8 11. Rb1 Nf5 12. O-O a6 13. a3 b5 14. cxb5 axb5 15. b4 cxb4 16. axb4 O-O 17. Rc1 Qd8 18. Qb3 Ne5 19. Nd5 Rc8 20. Rxc8 Bxc8 21. Rc1 Bb7 22. Nf4 Bxg2 23. Kxg2 Qa8+ 24. f3 Rc8 25. Rxc8+ Qxc8 26. Nd5 Qb7 27. Bc3 e6 28. Nf4 d5 29. e4 dxe4 30. dxe4 Ne3+ 31. Kh3 N3c4 32. Qd1 Qd7 33. Qxd7 Nxd7 34. Bxg7 Kxg7 35. Nd3 Nb8 36. f4 Nc6 37. e5 Ne3 38. Ne4 Nd5 39. Nd6 Ncxb4 40. Nc5 Ne3 41. Nxb5 Nc6 42. Ne4 Nf5 43. Kg2 Ncd4 44. Na3 Kf8 45. Nc4 Ke7 46. Ng5 f6 47. exf6+ Kxf6 48. Nd2 Ke7 49. Nc4 Kf6 50. Ne5 Ne2 51. Ne4+ Kg7 52. Kf2 Ned4 53. Nc5 Kf6 54. Ncd7+ Kg7 55. Nc5 Kf6 56. Ne4+ Kg7 57. Ke1 Kh7 58. Kd2 Kg7 59. Kd3 Kh7 60. Kc4 Ne2 61. Ng5+ Kh6 62. Nxe6 Nexg3 63. Kd5 Nxh4 64. Nf7+ Kh7 65. Ke5 Nf3+ 66. Kf6 Ne4+ 67. Ke7 h4 68. Kf8 h3 69. f5 gxf5 0-1


[Site "https://www.chess.com"]

[Event "Titled Tuesday Blitz January 11 2022"]
[White "Kobalia, Mikhail"]
[Black "Maghsoodloo, Parham"]
[WhiteFideId "4119150"]
[BlackFideId "12539929"]
[WhiteElo "2667"]
[BlackElo "2630"]
[Result "1-0"]
[Round "05"]
[TimeControl "180+1"]
[Date "2022.01.11"]
[WhiteClock "0:00:37"]
[BlackClock "0:00:08"]

1. e4 c5 2. Nf3 d6 3. d4 cxd4 4. Nxd4 Nf6 5. Nc3 a6 6. Be3 e5 7. Nb3 Be6 8. Qd2 Nbd7 9. O-O-O Be7 10. Kb1 O-O 11. f4 b5 12. f5 Bc4 13. g4 d5 14. Nxd5 Bxd5 15. exd5 Nxg4 16. d6 Bh4 17. Bg2 Rc8 18. Rhg1 a5 19. Bb7 Nxe3 20. Qxe3 Rb8 21. Bc6 a4 22. Nd2 Kh8 23. Qh3 Bf6 24. Bxd7 Qxd7 25. Ne4 Qd8 26. Qh5 Rc8 27. Rd3 Rc4 28. Rh3 h6 29. Qxh6+ 1-0


[Site "https://www.chess.com"]

[Event "Titled Tuesday Blitz January 11 2022"]
[White "Kosteniuk, Alexandra"]
[Black "Muradli, Mahammad"]
[WhiteFideId "4128125"]
[BlackFideId "13409301"]
[WhiteElo "2469"]
[BlackElo "2645"]
[Result "0-1"]
[Round "05"]
[TimeControl "180+1"]
[Date "2022.01.11"]
[WhiteClock "0:01:28"]
[BlackClock "0:01:15"]

1. e4 c5 2. c3 Nf6 3. e5 Nd5 4. Nf3 d6 5. exd6 e6 6. Bb5+ Bd7 7. Bc4 Bxd6 8. O-O O-O 9. d4 cxd4 10. Nxd4 Nc6 11. Bxd5 exd5 12. Be3 Re8 13. Nd2 Ne5 14. h3 Qf6 15. Re1 Nd3 16. Re2 Qg6 17. Kh1 Re5 18. N2f3 Rh5 19. Ng1 Re8 20. Qb3 Rxe3 21. fxe3 Qg3 22. Ndf3 Bxh3 23. gxh3 Rxh3+ 24. Nxh3 Qxf3+ 25. Rg2 Qxh3+ 26. Kg1 Qxe3+ 27. Kf1 Qf3+ 28. Kg1 Bc5+ 29. Kh2 Qh5+ 30. Kg3 Bd6# 0-1


[Site "https://www.chess.com"]

[Event "Titled Tuesday Blitz January 11 2022"]
[White "Kretov, Evgenij"]
[Black "Bacrot, Etienne"]
[WhiteFideId "4167821"]
[BlackFideId "605506"]
[WhiteElo "2303"]
[BlackElo "2673"]
[Result "1/2-1/2"]
[Round "05"]
[TimeControl "180+1"]
[Date "2022.01.11"]
[WhiteClock "0:01:03"]
[BlackClock "0:00:14"]

1. d4 d5 2. c4 e6 3. Nc3 Nf6 4. cxd5 exd5 5. Bg5 c6 6. e3 Be7 7. Bd3 Nbd7 8. Qc2 h6 9. Bh4 Nh5 10. Bxe7 Qxe7 11. Nge2 O-O 12. h3 Nhf6 13. g4 Re8 14. Ng3 Nb6 15. O-O-O c5 16. dxc5 Qxc5 17. Nf5 Bxf5 18. Bxf5 Nc4 19. Rd4 b5 20. Rhd1 Rad8 21. h4 b4 22. Nxd5 Rxd5 23. Rxc4 Rxd1+ 24. Kxd1 Qd5+ 25. Ke2 a5 26. g5 hxg5 27. hxg5 Nh5 28. Rh4 Ng3+ 29. fxg3 Qg2+ 30. Kd3 Qd5+ 31. Ke2 Qg2+ 32. Kd3 Qd5+ 33. Ke2 1/2-1/2


[Site "https://www.chess.com"]

[Event "Titled Tuesday Blitz January 11 2022"]
[White "Leitao, Rafael"]
[Black "Cunjalo, Faris"]
[WhiteFideId "2101246"]
[BlackFideId "14410710"]
[WhiteElo "2609"]
[BlackElo "2263"]
[Result "0-1"]
[Round "05"]
[TimeControl "180+1"]
[Date "2022.01.11"]
[WhiteClock "0:00:40"]
[BlackClock "0:00:16"]

1. c4 b6 2. Nc3 Bb7 3. d4 e6 4. Nf3 Bb4 5. g3 f5 6. Bg2 Nf6 7. O-O Bxc3 8. bxc3 O-O 9. c5 Na6 10. cxb6 axb6 11. c4 Be4 12. Bb2 Qe7 13. a3 Rfb8 14. Rc1 b5 15. d5 bxc4 16. Bxf6 Qxf6 17. dxe6 d5 18. Qd4 Qxe6 19. Ng5 Qb6 20. Qe5 Re8 21. Qf4 Bxg2 22. Kxg2 h6 23. Nf3 Qf6 24. Qd2 c6 25. Qd4 Rxe2 26. Qxf6 gxf6 27. Nd4 Rd2 28. Nxc6 Nc5 29. Ne7+ Kf7 30. Nxf5 Rxa3 31. Ne3 Rxe3 0-1


[Site "https://www.chess.com"]

[Event "Titled Tuesday Blitz January 11 2022"]
[White "Mokshanov, Alexey"]
[Black "Narayanan.S.L"]
[WhiteFideId "24121657"]
[BlackFideId "5058422"]
[WhiteElo "2141"]
[BlackElo "2494"]
[Result "1-0"]
[Round "05"]
[TimeControl "180+1"]
[Date "2022.01.11"]
[WhiteClock "0:00:05"]
[BlackClock "0:00:40"]

1. e4 c6 2. d4 d5 3. e5 Bf5 4. h4 h5 5. c4 e6 6. Nc3 dxc4 7. Bxc4 Ne7 8. Nge2 Nd7 9. Bg5 Nb6 10. Bd3 Bxd3 11. Qxd3 Qd7 12. Ne4 Nf5 13. O-O Nd5 14. N2g3 Be7 15. Bxe7 Ndxe7 16. Rad1 Rd8 17. Qa3 a6 18. Rfe1 Nxh4 19. Nd6+ Kf8 20. Nge4 c5 21. Nxc5 Qc6 22. d5 Nxd5 23. Ncxb7 Ne3 24. Ne4+ Kg8 25. Rxd8+ Kh7 26. Rxh8+ Kxh8 27. Qxe3 Qxb7 28. Rd1 Nf5 29. Qf3 Qc7 30. Qxh5+ Nh6 31. Qg5 Qc2 32. Re1 Qxb2 33. Qd8+ Kh7 34. Ng5+ Kg6 35. Nf3 Qxa2 36. Qg5+ Kh7 37. Qd2 Qc4 38. Rd1 Qg4 39. Qd3+ Nf5 40. Kf1 a5 41. Nd4 a4 42. Nxf5 exf5 43. Qh3+ 1-0


[Site "https://www.chess.com"]

[Event "Titled Tuesday Blitz January 11 2022"]
[White "Moroni, Luca Jr"]
[Black "Cunha, Lucas Aguiar"]
[WhiteFideId "865834"]
[BlackFideId "2125404"]
[WhiteElo "2573"]
[BlackElo "2361"]
[Result "1-0"]
[Round "05"]
[TimeControl "180+1"]
[Date "2022.01.11"]
[WhiteClock "0:00:06"]
[BlackClock "0:00:15"]

1. d4 Nf6 2. c4 e6 3. Nc3 Bb4 4. Nf3 b6 5. e3 Bb7 6. Bd3 Ne4 7. Qc2 f5 8. O-O Bxc3 9. bxc3 d6 10. Nd2 Qh4 11. f3 Nf6 12. c5 dxc5 13. dxc5 O-O 14. Qb3 Bd5 15. c4 Bc6 16. Ba3 Re8 17. cxb6 axb6 18. c5 Qa4 19. Qxa4 Rxa4 20. Bb2 bxc5 21. Rfc1 Nd5 22. Rxc5 Nxe3 23. Nc4 Rd8 24. Be2 Nxc4 25. Bxc4 Kf7 26. Rxf5+ Ke7 27. Rc5 Kd6 28. Bd4 Nd7 29. Rxc6+ Kxc6 30. Rc1 Kd6 31. Bxg7 Nb6 32. Bb3 Rf4 33. Rd1+ Nd5 34. Bd4 c5 35. Bf2 Rf7 36. Bg3+ Kc6 37. Bc4 Ra7 38. Re1 Re8 39. f4 Ra4 40. Bb3 Raa8 41. f5 exf5 42. Rc1 f4 43. Bf2 Ne3 44. g3 fxg3 45. hxg3 Rad8 46. Rc3 Nd1 47. Rxc5+ Kb7 48. Bd5+ Ka6 49. Bd4 Ne3 50. Bxe3 Rxe3 51. g4 Re5 52. Bc4+ Kb6 53. Rxe5 Rd4 54. Be2 Rd7 55. a4 Rg7 56. a5+ Ka7 57. Kf2 Kb7 58. Bf3+ Ka7 59. Re6 Rf7 60. a6 Rg7 61. Kg3 Rc7 62. Bb7 Rc4 63. Kh4 h6 64. Rxh6 1-0


[Site "https://www.chess.com"]

[Event "Titled Tuesday Blitz January 11 2022"]
[White "Moskalenko, Alexander"]
[Black "Makhnev, Denis"]
[WhiteFideId "4155351"]
[BlackFideId "13707647"]
[WhiteElo "2515"]
[BlackElo "2491"]
[Result "1-0"]
[Round "05"]
[TimeControl "180+1"]
[Date "2022.01.11"]
[WhiteClock "0:00:37"]
[BlackClock "0:00:19"]

1. Nf3 Nf6 2. g3 d5 3. Bg2 c6 4. O-O Bf5 5. d3 Nbd7 6. b3 e6 7. Nh4 Bg4 8. h3 Bh5 9. g4 Bg6 10. Bb2 Bd6 11. e3 Be5 12. Bxe5 Nxe5 13. f4 Ned7 14. Nd2 Ng8 15. Nhf3 Ne7 16. e4 f6 17. e5 fxe5 18. Nxe5 Nxe5 19. fxe5 Qb6+ 20. Kh2 O-O-O 21. Qf3 h5 22. Kg3 hxg4 23. hxg4 Rdf8 24. Qxf8+ Rxf8 25. Rxf8+ Kd7 26. Nf3 Qc5 27. c4 Bxd3 28. Rf7 dxc4 29. Rd1 Ke8 30. Rxg7 c3 31. Rxd3 c2 32. Rd6 Nd5 33. Rxe6+ Kf8 34. Rxb7 c1=Q 35. Rd6 Qf4+ 36. Kh3 Qf2 37. Rd8# 1-0


[Site "https://www.chess.com"]

[Event "Titled Tuesday Blitz January 11 2022"]
[White "Nazari, Arad"]
[Black "Svane, Rasmus"]
[WhiteFideId "12577324"]
[BlackFideId "4657101"]
[WhiteElo "2120"]
[BlackElo "2645"]
[Result "1/2-1/2"]
[Round "05"]
[TimeControl "180+1"]
[Date "2022.01.11"]
[WhiteClock "0:00:12"]
[BlackClock "0:00:06"]

1. e4 c6 2. Nf3 d5 3. Nc3 dxe4 4. Nxe4 Nf6 5. Qe2 Nxe4 6. Qxe4 Qa5 7. Bc4 Bf5 8. Qf4 e6 9. O-O Be7 10. c3 O-O 11. d4 Nd7 12. Qg3 Rfe8 13. Re1 Rac8 14. Bg5 Bxg5 15. Nxg5 Qc7 16. Qxc7 Rxc7 17. Rad1 Rd8 18. h3 Nb6 19. Bb3 Nd5 20. Nf3 h6 21. Ne5 Kf8 22. Rd2 Nf6 23. Nf3 Rcd7 24. Ne5 Rc7 25. Nf3 Rcc8 26. Bc2 Bxc2 27. Rxc2 c5 28. Rd2 cxd4 29. Rxd4 Rxd4 30. Nxd4 Nd5 31. Rd1 a6 32. g3 b5 33. a3 Nb6 34. Rd2 Nc4 35. Re2 Rd8 36. Kg2 g6 37. h4 e5 38. Nc6 Rd5 39. b3 Nxa3 40. Nxe5 Kg7 41. c4 bxc4 42. Nxc4 Nxc4 43. bxc4 Rd7 44. Ra2 Ra7 45. Ra5 Kf6 46. Kf3 Ke6 47. Ke4 Kd6 48. Kd4 Kc6 49. c5 Ra8 50. Kc4 Kb7 51. Ra1 Kc7 52. Re1 Kd7 53. Kd5 Rd8 54. c6+ Kc8+ 55. Kc5 Rd2 56. Kb6 Rb2+ 57. Kxa6 Rxf2 58. Kb6 Rb2+ 59. Kc5 f5 60. Kd6 Rd2+ 61. Ke5 Rc2 62. Kd6 Rd2+ 63. Ke6 Rc2 64. Kd6 Rd2+ 1/2-1/2


[Site "https://www.chess.com"]

[Event "Titled Tuesday Blitz January 11 2022"]
[White "Nesterov, Arseniy"]
[Black "Goltsev, Dmitry"]
[WhiteFideId "24198455"]
[BlackFideId "24176710"]
[WhiteElo "2489"]
[BlackElo "2273"]
[Result "1-0"]
[Round "05"]
[TimeControl "180+1"]
[Date "2022.01.11"]
[WhiteClock "0:00:03"]
[BlackClock "0:00:05"]

1. d4 Nf6 2. c4 e6 3. Nc3 b6 4. e4 Bb7 5. Bd3 d6 6. Nge2 e5 7. O-O Nbd7 8. f4 exd4 9. Nxd4 Nc5 10. Bc2 Be7 11. e5 dxe5 12. fxe5 Nfe4 13. Nxe4 Bxe4 14. Bxe4 Nxe4 15. Be3 O-O 16. Qg4 Nc5 17. Nf5 g6 18. Rad1 Qe8 19. Bh6 Ne6 20. Nxe7+ Qxe7 21. Bxf8 Rxf8 22. Rd5 a5 23. h3 Nc5 24. Qf4 Re8 25. Qf6 Nd7 26. Qxe7 Rxe7 27. Re1 f6 28. e6 Nc5 29. Rd8+ Kg7 30. Rc8 Nxe6 31. a3 Kf7 32. b4 axb4 33. axb4 Rd7 34. Kf2 Rd4 35. Rc1 Rd2+ 36. Kg3 Rd3+ 37. Kh2 Rd2 38. c5 bxc5 39. bxc5 f5 40. c6 Rd6 41. Kg1 h5 42. h4 Kf6 43. Kf2 Ke5 44. Rg8 Kf6 45. Rc8 Ke5 46. Rc2 f4 47. Re2+ Kf5 48. Rc2 Kg4 49. Rc4 Kxh4 50. g3+ Kg4 51. gxf4 h4 52. Rg8 Nxf4 53. Rg7 Rd2+ 54. Ke1 Ra2 55. Rxc7 h3 56. Rh7 Ra8 57. c7 Rc8 58. Kf2 g5 59. Rd7 h2 60. Rh7 Kf5 61. Rxh2 Ne6 62. Rh7 g4 63. Kg3 Ke5 64. Kxg4 Kd6 65. Rh6 Kd5 66. Rc1 Nxc7 67. Rg6 Ke5 68. Rg7 Kd6 69. Rg6+ Kd7 70. Rg7+ Kd6 71. Rd1+ Kc6 72. Kf5 Rf8+ 73. Kg6 Nb5 74. Rc1+ Kb6 75. Rd7 Rb8 76. Kf6 Rb7 77. Rd3 Rc7 78. Rb1 Rc6+ 79. Ke5 Rc5+ 80. Kf4 Rh5 81. Rd2 Rc5 82. Ke4 Rc4+ 83. Kd5 Rc5+ 84. Ke4 Rh5 85. Kf4 Rc5 86. Rdb2 Kc6 87. Rh1 Nd6 88. Rh6 Rc4+ 89. Ke5 Re4+ 90. Kf6 Rd4 91. Ke6 Re4+ 92. Kf6 Rf4+ 93. Kg6 Rg4+ 94. Kh5 Rd4 95. Kg5 Rd5+ 96. Kf4 Rd4+ 97. Ke3 Rd5 98. Rc2+ Rc5 99. Rd2 Rd5 100. Rc2+ Rc5 101. Rf2 Kd7 102. Rg6 Re5+ 103. Kd4 Re6 104. Rg7+ Kc6 105. Rc2+ Kb6 106. Kd5 Nf5 107. Rb2+ Ka6 108. Rg8 Re7 109. Ra8+ Ra7 110. Ra2+ Kb6 111. R2xa7 Ne3+ 112. Kd4 Nc2+ 113. Kc3 Ne3 114. Rd7 Nf5 115. Re8 Kc6 116. Rf7 Nd6 117. Re6 1-0


[Site "https://www.chess.com"]

[Event "Titled Tuesday Blitz January 11 2022"]
[White "Nevednichy, Vladislav"]
[Black "Erigaisi Arjun"]
[WhiteFideId "1205730"]
[BlackFideId "35009192"]
[WhiteElo "2370"]
[BlackElo "2745"]
[Result "0-1"]
[Round "05"]
[TimeControl "180+1"]
[Date "2022.01.11"]
[WhiteClock "0:01:11"]
[BlackClock "0:00:54"]

1. e4 g6 2. d4 d6 3. Nf3 Nf6 4. Bd3 Bg7 5. O-O O-O 6. c3 Bg4 7. Nbd2 Nc6 8. h3 Bd7 9. Re1 e5 10. dxe5 Nxe5 11. Nxe5 dxe5 12. Nf3 Qe7 13. Bc4 Bc6 14. Bg5 h6 15. Bxf6 Bxf6 16. b4 Rad8 17. Qc2 Kg7 18. a4 b6 19. a5 b5 20. Bf1 a6 21. Nd2 Qe6 22. Be2 Be7 23. Nf1 Bb7 24. Bg4 f5 25. Bf3 f4 26. Bg4 Qf7 27. Rad1 c5 28. bxc5 Bxc5 29. Nd2 Ba7 30. Nf3 Qf6 31. h4 Rxd1 32. Rxd1 Rf7 33. c4 Rc7 34. Rd7+ Rxd7 35. Bxd7 Qd6 36. Bg4 b4 37. h5 g5 38. Kh2 Bc5 39. Bf5 Kf6 40. Kh3 Qd8 41. Nh2 Qxa5 42. Ng4+ Kg7 43. Qd3 Bd4 44. Nxe5 Qxe5 45. c5 Qxc5 46. Qb3 Qc3+ 47. Qxc3 bxc3 48. e5 Bc8 0-1


[Site "https://www.chess.com"]

[Event "Titled Tuesday Blitz January 11 2022"]
[White "Onyshchuk, Volodymyr"]
[Black "Arabidze, Meri"]
[WhiteFideId "14114038"]
[BlackFideId "13604040"]
[WhiteElo "2642"]
[BlackElo "2329"]
[Result "1-0"]
[Round "05"]
[TimeControl "180+1"]
[Date "2022.01.11"]
[WhiteClock "0:00:35"]
[BlackClock "0:00:02"]

1. g3 d5 2. Bg2 Nf6 3. d3 e6 4. Nd2 c5 5. b3 Nc6 6. Bb2 Be7 7. e3 O-O 8. Ne2 b5 9. O-O Bb7 10. h3 a5 11. a4 b4 12. g4 Nd7 13. Rb1 Bf6 14. Bc1 Nb6 15. f4 g6 16. e4 c4 17. e5 Bg7 18. dxc4 dxc4 19. Ne4 cxb3 20. cxb3 Qxd1 21. Rxd1 Ba6 22. N2g3 Nd5 23. Nd6 Nc3 24. Bxc6 Nxd1 25. Bxa8 Rxa8 26. Bd2 Nc3 27. Bxc3 bxc3 28. Nge4 Bd3 29. Rc1 Bxe4 30. Nxe4 Rb8 31. Rxc3 Rb4 32. Nf6+ Bxf6 33. exf6 h6 34. Rc8+ Kh7 35. Rf8 g5 36. f5 exf5 37. gxf5 Rb7 38. Kg2 h5 39. Kf2 Rc7 40. Kf3 Rb7 41. Ke4 Rb4+ 42. Ke5 Rb7 43. Kd5 g4 44. hxg4 hxg4 45. Ke4 Kh6 46. Rg8 Rxb3 47. Kf4 Rb4+ 48. Kg3 Rxa4 49. Kh4 g3+ 50. Kxg3 Rb4 51. Rg7 Rb7 52. Rg4 Ra7 53. Kf4 a4 54. Rh4# 1-0


[Site "https://www.chess.com"]

[Event "Titled Tuesday Blitz January 11 2022"]
[White "Pakleza, Zbigniew"]
[Black "Kim, Yoon-Young"]
[WhiteFideId "1119290"]
[BlackFideId "30908779"]
[WhiteElo "2467"]
[BlackElo "2109"]
[Result "0-1"]
[Round "05"]
[TimeControl "180+1"]
[Date "2022.01.11"]
[WhiteClock "0:00:10"]
[BlackClock "0:00:09"]

1. d4 d5 2. Bf4 Nf6 3. e3 e6 4. Nd2 c5 5. c3 Be7 6. Ngf3 Nc6 7. Bd3 Nh5 8. Be5 f6 9. Bg3 g6 10. O-O Nxg3 11. hxg3 cxd4 12. cxd4 O-O 13. Rc1 Qb6 14. Qb3 Kg7 15. a3 Bd7 16. Rc3 g5 17. Rfc1 Rfc8 18. g4 Qc7 19. Qc2 h5 20. gxh5 g4 21. Nh4 f5 22. Nxf5+ exf5 23. Bxf5 Qd6 24. Bxd7 Qxd7 25. Qg6+ Kh8 26. Nf1 Qd6 27. Qxg4 Rg8 28. Qh3 Raf8 29. Ng3 Bg5 30. b4 a6 31. Rf1 Qf6 32. Rc2 Bh4 33. Nh1 Bg5 34. f4 Bh6 35. g4 Qe6 36. Rg2 Re8 37. Rf3 Qe4 38. g5 Bg7 39. Nf2 Qb1+ 40. Kh2 Bxd4 41. exd4 Nxd4 42. Re3 Nf5 43. Re5 Rxe5 44. fxe5 Ng7 45. h6 Ne8 46. g6 Rxg6 47. Rxg6 Qxg6 48. Ng4 Qe6 49. Qf3 Kh7 50. Kg3 Qe7 51. Qf5+ Kh8 52. Qg6 Nc7 53. Kh3 Ne6 54. Nf6 Nf4+ 55. Kg4 Nxg6 56. Kf5 Qxe5+ 57. Kxg6 Qe6 58. h7 d4 59. Kg5 Qe5+ 60. Kg6 Qxf6+ 61. Kxf6 d3 62. Ke5 d2 63. Kd6 d1=Q+ 64. Kc7 Qa4 65. Kxb7 Qxa3 66. Kb6 Qxb4+ 67. Kxa6 Qe7 0-1


[Site "https://www.chess.com"]

[Event "Titled Tuesday Blitz January 11 2022"]
[White "Panesar Vedant"]
[Black "Willow, Jonah B"]
[WhiteFideId "35033018"]
[BlackFideId "438804"]
[WhiteElo "1971"]
[BlackElo "2261"]
[Result "1-0"]
[Round "05"]
[TimeControl "180+1"]
[Date "2022.01.11"]
[WhiteClock "0:00:19"]
[BlackClock "0:00:02"]

1. d4 Nf6 2. Nf3 e6 3. c4 c5 4. d5 exd5 5. cxd5 d6 6. e4 a6 7. Bd3 b5 8. a4 c4 9. Bc2 Bb7 10. O-O Be7 11. axb5 axb5 12. Rxa8 Bxa8 13. Na3 Qb6 14. Nxb5 O-O 15. Na3 Rc8 16. Qd4 Qc7 17. Nh4 g6 18. Bg5 Nxd5 19. Bxe7 Nxe7 20. Rd1 d5 21. Qf6 Bc6 22. e5 Qd7 23. Nxc4 Qe6 24. Qxe6 fxe6 25. Nd6 Rf8 26. Nf3 Bd7 27. Nd4 Nbc6 28. Ba4 Ra8 29. Bxc6 Nxc6 30. Nxc6 Bxc6 31. b4 Ra2 32. b5 Ba8 33. h4 Rb2 34. Rc1 Kg7 35. Rc8 Bb7 36. Rc7+ Kh6 37. Rxb7 d4 38. g4 1-0


[Site "https://www.chess.com"]

[Event "Titled Tuesday Blitz January 11 2022"]
[White "Papasimakopoulos, Alexandros"]
[Black "Deac, Bogdan-Daniel"]
[WhiteFideId "4244125"]
[BlackFideId "1226380"]
[WhiteElo "2340"]
[BlackElo "2646"]
[Result "0-1"]
[Round "05"]
[TimeControl "180+1"]
[Date "2022.01.11"]
[WhiteClock "0:00:04"]
[BlackClock "0:00:12"]

1. d4 Nf6 2. c4 e6 3. Nc3 Bb4 4. Qc2 O-O 5. a3 Bxc3+ 6. Qxc3 d6 7. f3 Nh5 8. Nh3 e5 9. Nf2 Qe7 10. d5 a5 11. e4 a4 12. Bd3 Nd7 13. O-O Nf4 14. Re1 Nc5 15. Bf1 Nb3 16. Rb1 Nxc1 17. Rbxc1 b6 18. g3 Nh5 19. Bg2 Bd7 20. Nd3 Rae8 21. g4 Nf4 22. Nxf4 exf4 23. Qd4 h5 24. h3 Qg5 25. Qf2 Qe5 26. Red1 g6 27. Qd2 Qg5 28. Qf2 hxg4 29. hxg4 f5 30. exf5 gxf5 31. gxf5 Bxf5 32. Re1 Re3 33. Re2 Bd3 34. Rd2 Rfe8 35. Rcd1 Re2 36. Rxe2 Rxe2 37. Rxd3 Rxf2 38. Kxf2 Qe5 39. Rb3 axb3 0-1


[Site "https://www.chess.com"]

[Event "Titled Tuesday Blitz January 11 2022"]
[White "Papp, Levente"]
[Black "Xiong, Jeffery"]
[WhiteFideId "751243"]
[BlackFideId "2047640"]
[WhiteElo "2308"]
[BlackElo "2727"]
[Result "1-0"]
[Round "05"]
[TimeControl "180+1"]
[Date "2022.01.11"]
[WhiteClock "0:00:15"]
[BlackClock "0:00:03"]

1. c4 g6 2. g3 Bg7 3. Bg2 d6 4. Nc3 Nc6 5. e3 h5 6. h3 h4 7. g4 f5 8. gxf5 Bxf5 9. d4 Nf6 10. Nge2 e5 11. e4 exd4 12. exf5 dxc3 13. O-O Qd7 14. fxg6 cxb2 15. Bxb2 O-O-O 16. Rb1 Rh6 17. Nf4 Rf8 18. Qa4 a6 19. Rfe1 Nd8 20. Qc2 Ne8 21. Nd5 Nc6 22. Bxg7 Nxg7 23. Qb2 b6 24. Ne7+ Nxe7 25. Qxg7 Nxg6 26. Qxh6 Rg8 27. Kh1 Ne5 28. Qe3 Rxg2 29. Kxg2 Qg7+ 30. Kh1 Qd7 31. Rg1 Qf5 32. Rbe1 Kb8 33. Rg8+ Ka7 34. Kg2 Nd3 35. Rd1 Ne5 36. Rd4 Qf7 37. Rg5 Nc6 38. Rdg4 Qd7 39. Rg7 1-0


[Site "https://www.chess.com"]

[Event "Titled Tuesday Blitz January 11 2022"]
[White "Quispe Arteaga, Gabriel"]
[Black "Costachi, Mihnea"]
[WhiteFideId "32059809"]
[BlackFideId "1217518"]
[WhiteElo "2229"]
[BlackElo "2464"]
[Result "1-0"]
[Round "05"]
[TimeControl "180+1"]
[Date "2022.01.11"]
[WhiteClock "0:01:23"]
[BlackClock "0:01:00"]

1. c4 Nf6 2. Nc3 e6 3. e4 d5 4. e5 d4 5. exf6 dxc3 6. bxc3 Qxf6 7. Nf3 b6 8. d4 Bb7 9. Bd3 h6 10. O-O Nd7 11. Nd2 Be7 12. Ne4 Qh4 13. Re1 O-O 14. g3 Qh3 15. Bf1 Qf5 16. Bg2 Rab8 17. h4 Nf6 18. Nxf6+ Bxf6 19. g4 Qa5 20. g5 hxg5 21. hxg5 Be7 22. Bxb7 Rxb7 23. Qf3 Rbb8 24. Kg2 g6 25. Bf4 Kg7 26. Re5 Qa4 27. Rh1 Qxc4 28. Re3 Qd5 29. Qxd5 exd5 30. Rxe7 Rfe8 31. Rxe8 Rxe8 32. Bxc7 Re4 33. Be5+ Kf8 34. Rh8+ Ke7 35. Ra8 Ke6 36. Rxa7 Rg4+ 37. Kf3 Rxg5 38. Ra6 Rh5 39. Rxb6+ Ke7 40. a4 Rh3+ 41. Bg3 g5 42. Kg4 Rh6 43. Rxh6 1-0


[Site "https://www.chess.com"]

[Event "Titled Tuesday Blitz January 11 2022"]
[White "Samadov, Read"]
[Black "Alavkin, Arseny"]
[WhiteFideId "13417444"]
[BlackFideId "4120612"]
[WhiteElo "2084"]
[BlackElo "2391"]
[Result "1-0"]
[Round "05"]
[TimeControl "180+1"]
[Date "2022.01.11"]
[WhiteClock "0:01:31"]
[BlackClock "0:02:17"]

1. d4 Nf6 2. c4 e6 3. Nf3 d5 4. g3 dxc4 5. Bg2 Bb4+ 6. Bd2 c5 7. O-O O-O 8. dxc5 Bxc5 9. Qc2 a6 10. Qxc4 Nbd7 11. Nc3 b5 12. Qh4 Bb7 13. Rad1 Qb6 14. Bg5 Rad8 15. a3 h6 16. Bxh6 gxh6 17. Qxh6 Be7 18. Qg5+ Kh8 19. Qh4+ Kg7 20. Qg5+ Kh7 21. Rd4 Bxf3 22. Rh4+ Bh5 23. Be4+ Kh8 24. Rxh5+ Nxh5 25. Qh6+ Kg8 26. Qh7# 1-0


[Site "https://www.chess.com"]

[Event "Titled Tuesday Blitz January 11 2022"]
[White "Sanal, Vahap"]
[Black "Maximov, Dmitry"]
[WhiteFideId "6300545"]
[BlackFideId "14105659"]
[WhiteElo "2603"]
[BlackElo "2494"]
[Result "1-0"]
[Round "05"]
[TimeControl "180+1"]
[Date "2022.01.11"]
[WhiteClock "0:02:15"]
[BlackClock "0:01:04"]

1. e4 c5 2. Nf3 d6 3. d4 cxd4 4. Nxd4 Nf6 5. Nc3 Nc6 6. Bg5 e6 7. Qd2 a6 8. O-O-O Bd7 9. f4 b5 10. Bxf6 gxf6 11. Kb1 Qb6 12. Nce2 Na5 13. b3 h5 14. h4 Nb7 15. Ng3 Nc5 16. Be2 Rg8 17. Nxh5 Nxe4 18. Qe3 d5 19. Bf3 Be7 20. Bxe4 dxe4 21. Qxe4 Rc8 22. Qh7 Rf8 23. Rhe1 Rc7 24. Ng7+ Kd8 25. Ndxe6+ fxe6 26. Nxe6+ Kc8 27. Nxc7 Qxc7 28. Rxe7 Rd8 29. Rexd7 Rxd7 30. Qxd7+ Qxd7 31. Rxd7 Kxd7 32. g4 1-0


[Site "https://www.chess.com"]

[Event "Titled Tuesday Blitz January 11 2022"]
[White "Sarana, Alexey"]
[Black "Zelbel, Patrick"]
[WhiteFideId "24133795"]
[BlackFideId "24624322"]
[WhiteElo "2665"]
[BlackElo "2493"]
[Result "1-0"]
[Round "05"]
[TimeControl "180+1"]
[Date "2022.01.11"]
[WhiteClock "0:00:50"]
[BlackClock "0:00:09"]

1. d4 Nf6 2. c4 c5 3. d5 e6 4. Nc3 exd5 5. cxd5 d6 6. e4 g6 7. Nf3 a6 8. Be2 Bg4 9. O-O Bg7 10. a4 O-O 11. Bf4 Qe7 12. h3 Bxf3 13. Bxf3 Nbd7 14. Bh2 Ne8 15. Bg4 Rb8 16. Qd2 Nc7 17. Bxd7 Qxd7 18. f4 b5 19. axb5 axb5 20. f5 Rfe8 21. f6 Bf8 22. Rfe1 b4 23. Nd1 Nb5 24. Qd3 Qd8 25. Rf1 Qb6 26. Kh1 Nd4 27. Ne3 Qb5 28. Nc4 Rxe4 29. Qxe4 Qxc4 30. Bg1 Qe2 31. Qxe2 Nxe2 32. Bh2 c4 33. Rae1 Nd4 34. Re4 Nf5 35. g4 Nh4 36. Rxc4 Re8 37. Bg3 g5 38. Bxh4 gxh4 39. Rxb4 Re3 40. Kg2 1-0


[Site "https://www.chess.com"]

[Event "Titled Tuesday Blitz January 11 2022"]
[White "Senthil Maran K"]
[Black "Kravtsiv, Martyn"]
[WhiteFideId "25035681"]
[BlackFideId "14113147"]
[WhiteElo "2194"]
[BlackElo "2694"]
[Result "0-1"]
[Round "05"]
[TimeControl "180+1"]
[Date "2022.01.11"]
[WhiteClock "0:00:13"]
[BlackClock "0:00:10"]

1. d4 d5 2. Nf3 Nf6 3. g3 c5 4. c4 cxd4 5. Bg2 dxc4 6. O-O Nc6 7. Qa4 Nd7 8. Qxc4 Nb6 9. Qc2 g6 10. Rd1 Bg7 11. e3 Bf5 12. Qb3 Be6 13. Qc2 Rc8 14. Qe2 Bg4 15. h3 Bxf3 16. Bxf3 O-O 17. Bxc6 Rxc6 18. exd4 Bxd4 19. Be3 Rd6 20. Bxd4 Rxd4 21. Rxd4 Qxd4 22. Nc3 e5 23. Rd1 Qc5 24. Ne4 Qe7 25. Qb5 Kg7 26. h4 Qe8 27. Qb3 Qc6 28. Nd6 Nd7 29. Qe3 a6 30. Ne4 Nf6 31. Nxf6 Qxf6 32. Qe4 b5 33. Rd5 Re8 34. Qd3 Re7 35. Qd2 e4 36. Rd6 Re6 37. Rxe6 Qxe6 38. Qd4+ f6 39. Kf1 Qxa2 40. Qxe4 Qf7 41. Kg1 h5 42. Qd4 Qe7 43. b4 Qe6 44. Qa7+ Kh6 45. Qd4 g5 46. hxg5+ fxg5 47. Qc5 Kg6 48. Qd4 Qf6 49. Qc5 h4 50. gxh4 gxh4 51. Kg2 Qg5+ 52. Qxg5+ Kxg5 53. Kh3 Kf4 54. Kxh4 Kf3 55. Kg5 Kxf2 56. Kf5 Ke3 57. Ke5 Kd3 58. Kd5 Kc3 59. Kc5 Kb3 60. Kb6 Kxb4 61. Kxa6 Kc4 62. Ka5 b4 63. Ka4 Kc3 64. Kb5 b3 65. Ka4 b2 66. Ka3 b1=Q 67. Ka4 Qb4# 0-1


[Site "https://www.chess.com"]